 Dungeon Crawl Stone Soup version 0.31-a0-833-gc15d34cb79 (webtiles) character file.

Game seed: 12089975218598653186

655 Kurtz the Cleaver (level 7, -4/46 HPs)
             Began as an Octopode Fighter on Sept 25, 2023.
             Shot with an arrow by a centaur (8 damage)
             ... on level 5 of the Dungeon.
             The game lasted 00:03:14 (3711 turns).

Kurtz the Cleaver (Octopode Fighter)                Turns: 3711, Time: 00:03:15

Health: -4/46      AC:  1    Str: 16    XL:     7   Next: 54%
Magic:  7/7        EV: 13    Int: 10    God:
Gold:   29         SH:  4    Dex: 13    Spells: 0/6 levels left

rFire   . . .        a - +0 war axe
rCold   + . .        b - +0 buckler
rNeg    . . .        (helmet restricted)
rPois   .            (no amulet)
rElec   .            h - ring of protection from cold
rCorr   .            (no ring)
SInv    .            (no ring)
Will    .....        (no ring)
Stlth   ++           (no ring)
HPRegen 0.27/turn    (no ring)
MPRegen 0.10/turn    (no ring)
                     (no ring)

%: no passive effects
@: mighty
A: almost no armour, amphibious, 8 rings, camouflage 1, gelatinous body 1,
(nimble swimmer 1), tentacles
a: no special abilities


You were on level 5 of the Dungeon.
You visited 1 branch of the dungeon, and saw 5 of its levels.

You collected 137 gold pieces.
You spent 108 gold pieces at shops.

Inventory:

Hand Weapons
 a - a +0 war axe (weapon)
Missiles
 i - 6 poisoned darts
 v - 4 boomerangs
Armour
 b - a +0 buckler (worn)
Jewellery
 h - a ring of protection from cold (left tentacle)
 y - a ring of magical power
Wands
 x - a wand of roots (3)
Scrolls
 e - 3 scrolls of enchant armour {unknown}
 f - 3 scrolls of blinking {unknown}
 g - a scroll of fear {unknown}
 j - a scroll of vulnerability {unknown}
 m - a scroll of revelation {unknown}
 q - a scroll of enchant weapon {unknown}
 r - 2 scrolls of teleportation
 t - a scroll of amnesia {unknown}
 u - a scroll of brand weapon {unknown}
 w - a scroll of poison {unknown}
 z - a scroll of identify
 A - a scroll of fog
 B - a scroll of immolation {unknown}
Potions
 c - a potion of might
 d - 2 potions of attraction {unknown}
 k - 2 potions of brilliance {unknown}
 l - a potion of ambrosia {unknown}
 n - a potion of curing
 o - 2 potions of heal wounds {unknown}
 p - a potion of cancellation {unknown}
 s - a potion of lignification {unknown}
 C - 2 potions of degeneration {unknown}
 D - a potion of invisibility {unknown}


   Skills:
 + Level 3.0 Fighting
 * Level 8.2 Axes
 - Level 3.0 Dodging
 - Level 3.0 Shields
 * Level 0.1 Summonings


You couldn't memorise any spells.
You knew the following spells:

 Your Spells              Type           Power      Damage    Failure   Level
a - Summon Cactus Giant   Summ           0%         N/A       100%        6

Your spell library contained the following spells:

 Spells                   Type           Power      Damage    Failure   Level
 Scorch                   Fire           0%         2d5       58%         2
 Summon Guardian Golem    Hex/Summ       0%         N/A       80%         3
 Flame Wave               Conj/Fire      0%         2d4       99%         4
 Orb of Destruction       Conj           0%         9d5       100%        7
 Spellforged Servitor     Conj/Summ      0%         N/A       100%        7


Dungeon Overview and Level Annotations

Branches:
Dungeon (5/15)
 Temple: D:4-7

Altars:
Dithmenos
Gozag
Wu Jian

Shops:
D:4 ?


Innate Abilities, Weirdness & Mutations

You cannot wear most types of armour.
You are amphibious.
You can wear up to eight rings at the same time.
Your skin changes colour to match your surroundings (Stealth+).
Your rubbery body absorbs attacks. (AC +1, EV +1)
((You are camouflaged when in or above water. (Stealth+)))
You have tentacles for arms and can constrict up to eight enemies at once.


Message History

Something hits you.
The orc priest looks satisfied for a moment.
The orc wizard shouts!
You hit the jelly.
Your tentacles burn!
The jelly is moderately wounded.
You miss something. You slash the orc!
You kill the orc!
You hear a shout!
Something hits you. The jelly hits you but does no damage.
Unknown command.
You slash the jelly!
Your tentacles burn!
The jelly is almost dead.
You barely miss something. You slash the orc! Something hits you.
The jelly misses you. The orc hits you with a +0 short sword.
Unknown command.
You hit the orc.
You kill the orc!
You miss something. You completely miss the jelly. Something hits you.
The orc wizard mumbles some strange words.
The orc wizard flickers and vanishes!
The jelly hits you.
You are splashed with acid!
* * * LOW HITPOINT WARNING * * *
Something hits you.
* * * LOW HITPOINT WARNING * * *
The jelly hits you but does no damage.
You slice the jelly!!
You kill the jelly!
You hit something. You closely miss something.
A centaur comes into view.
Something hits you.
* * * LOW HITPOINT WARNING * * *
You hear some strange, mumbled words.
Something tries to affect you, but you resist.
You hit the orc priest. Your grab misses the orc priest.
You squeeze the orc priest!
You kill the orc priest!
You miss something. x2
The centaur wields a +1 orcbow of freezing.
It is covered in frost.
The centaur shoots an arrow.
The arrow hits you!
You die...

#..........(...
#.####....###..
..
####?...##### .
#.........#
+.........#
#.........#
#.........#
#.........#
#...@.....#
####))?.....
#....####
c.....# ......#
.......#
.......#
........#


You could see a centaur.

Vanquished Creatures
  Menkaure (D:4)
  A phantom (D:4)
  A scorpion (D:4)
  A jelly (D:5)
  2 orc priests
  A hound (D:4)
  Ijyb (D:4)
  Natasha (D:3)
  2 iguanas (D:4)
  3 orc wizards
  3 gnolls
  5 adders
  2 ufetubi (D:4)
  A worm (D:3)
  4 orcs
  5 bats
  7 endoplasms
  3 giant cockroaches
  7 goblins
  5 hobgoblins
  3 jackals (D:1)
  2 quokkas
  9 ball pythons
  4 frilled lizards
  4 kobolds (D:1)
  3 rats
81 creatures vanquished.

Notes
Turn   | Place    | Note
-------+----------+-------------------------------------------
     0 | D:1      | Kurtz the Octopode Fighter began the quest for the Orb.
     0 | D:1      | Reached XP level 1. HP: 16/16 MP: 1/1
   100 | D:1      | Reached XP level 2. HP: 16/21 MP: 2/2
   283 | D:1      | Reached skill level 3 in Axes
   568 | D:1      | Reached XP level 3. HP: 26/26 MP: 3/3
   698 | D:1      | Found a faded altar of an unknown god.
   870 | D:2      | Reached skill level 4 in Axes
   870 | D:2      | Reached XP level 4. HP: 31/31 MP: 4/4
  1159 | D:2      | Reached skill level 5 in Axes
  1159 | D:2      | Reached XP level 5. HP: 20/36 MP: 5/5
  1179 | D:2      | HP: 1/36 [something/magic dart (7)]
  2348 | D:3      | Reached skill level 6 in Axes
  2364 | D:3      | Noticed Natasha
  2370 | D:3      | Killed Natasha
  2371 | D:3      | Reached XP level 6. HP: 37/42 MP: 6/6
  2479 | D:3      | Found an ornate altar of the Wu Jian Council.
  2479 | D:3      | Found a shadowy altar of Dithmenos.
  2569 | D:4      | Noticed Menkaure
  2577 | D:4      | Killed Menkaure
  2578 | D:4      | Reached skill level 7 in Axes
  2757 | D:4      | Reached XP level 7. HP: 33/46 MP: 7/7
  2991 | D:4      | Noticed Ijyb
  2998 | D:4      | Killed Ijyb
  3025 | D:4      | Found Vistraot's Magic Scroll Shoppe.
  3040 | D:4      | Bought a scroll of teleportation for 36 gold pieces
  3040 | D:4      | Bought a scroll of identify for 24 gold pieces
  3040 | D:4      | Bought a scroll of fog for 48 gold pieces
  3123 | D:4      | Reached skill level 8 in Axes
  3243 | D:4      | Learned a level 6 spell: Summon Cactus Giant
  3398 | D:4      | Found an opulent altar of Gozag.
  3674 | D:5      | Entered Level 5 of the Dungeon
  3711 | D:5      | Shot with an arrow by a centaur

Illustrated notes

Levels and vault maps discovered:
D:1:      mushboom_english_gardens, layout_loops_ring, basic_ecumenical_altar
D:2:      layout_basic, minmay_parallelograms, minmay_liquid_box
D:3:      layout_rooms, gammafunk_temple_overflow_wave, minmay_diced_spiral,
          uniq_natasha
D:4:      layout_cave_pods, mainiacjoe_overflow_alcove_2, grunt_ministairs_2,
          kennysheep_small_circle, uniq_ijyb, uniq_menkaure
D:5:      layout_gridville, minmay_temple_entry_sparse_star,
          gammafunk_ghost_grave, nicolae_titane

Skill      XL: |  1  2  3  4  5  6  7 |
---------------+----------------------+-----
Axes           | 3 4 5 6 7 8 |  8.2
Fighting       | |  3.0
Dodging        | |  3.0
Shields        | |  3.0
Summonings     | |  0.1

Action                     |  1- 3 |  4- 6 |  7- 9 || total
---------------------------+-------+-------+-------++-------
  Melee: War axe           |    56 |    88 |    33 ||   177
         Constrict         |    17 |    19 |     6 ||    42
         Tentacles         |     8 |    16 |     5 ||    29
    Use: Potion            |       |     4 |     1 ||     5
   Stab: Sleeping          |     8 |     4 |     2 ||    14
 Armour: Skin              |    16 |    48 |    22 ||    86
  Dodge: Dodged            |    32 |    46 |    15 ||    93
  Block: Buckler           |     8 |    11 |     6 ||    25

Table legend: (Time is in decaauts)
 A = Elapsed time spent in this place.
 B = Non-inter-level travel time spent in this place.
 C = Inter-level travel time spent in this place.
 D = Time resting spent in this place.
 E = Time spent auto-exploring this place.
 F = Levels seen in this place.
 G = Mean time per level.
                   A        B        C        D        E       F      G
               +--------+--------+--------+--------+--------+-----+--------+
         Total |   3739 |   3537 |    202 |    353 |   2616 |   5 |  747.8 |
       Dungeon |   3739 |   3537 |    202 |    353 |   2616 |   5 |  747.8 |
               +--------+--------+--------+--------+--------+-----+--------+

Top non-repeatable levels by time:
     D:4: 1173 daAuts
     D:2: 1087 daAuts
     D:1: 874 daAuts
     D:3: 566 daAuts
     D:5: 37 daAuts
